 Dungeon Sprint DCSS version 0.30.1-9-gdf580d7c3d (webtiles) character file.

Game seed: 1080942271708144934

137 Heoruswealwe the Spear-Bearer (level 5, -4/51 HPs)
             Began as a Minotaur Fighter on Oct 19, 2023.
             Slain by a sleepcap (17 damage)
             ... in the Dungeon (Sprint IX: "|||||||||||||||||||||||||||||").
             The game lasted 00:00:34 (49 turns).

Heoruswealwe the Spear-Bearer (Minotaur Fighter)      Turns: 49, Time: 00:00:34

Health: -4/51      AC:  7    Str: 22    XL:     5   Next: 0%
Magic:  4/4        EV:  2    Int:  5    God:
Gold:   0          SH:  0    Dex: 10    Spells: 4/4 levels left

rFire   . . .        a - +0 trident
rCold   . . .        d - +0 buckler
rNeg    . . .        c - +0 scale mail
rPois   .            (helmet restricted)
rElec   .            (no cloak)
rCorr   .            (no gloves)
SInv    .            (no boots)
Will    .....        (no amulet) Stlth
                     (no ring)
HPRegen 0.28/turn    (no ring)
MPRegen 0.09/turn

%: no teleportation
@: sleeping
A: horns 2, retaliatory headbutt
a: no special abilities


You were in the Dungeon.
You visited 1 branch

Inventory:

Hand Weapons
 a - a +0 trident (weapon)
Armour
 c - a +0 scale mail (worn)
 d - a +0 buckler (worn)
Scrolls
 j - a scroll of blinking
Potions
 b - a potion of might
 e - a potion of curing
 g - a potion of haste
 i - a potion of berserk rage


   Skills:
 + Level 6.9 Fighting
 * Level 8.8 Polearms
 + Level 6.9 Armour
 - Level 3.6 Shields


You had 4 spell levels left.
You didn't know any spells.
Your spell library was empty.

Dungeon Overview and Level Annotations

Branches:
Dungeon (1/1)

Altars:


Innate Abilities, Weirdness & Mutations

You have a pair of horns on your head.
You reflexively headbutt those who attack you in melee.


Message History

The adder closely misses you.
You hit the adder. Your headbutt misses the adder.
The adder is heavily wounded.
The adder bites you.
You miss the adder.
The adder is heavily wounded.
The adder bites you.
You are poisoned.
The adder poisons you!
You closely miss the adder.
The adder is heavily wounded.
You feel sick. You block the adder's attack.
You barely miss the adder. Your headbutt misses the adder.
The adder is heavily wounded.
You feel sick. The adder bites you but does no damage.
You closely miss the adder.
The adder is heavily wounded.
You feel sick.
The adder bites you but does no damage. x2
You closely miss the adder.
The adder is heavily wounded.
You feel sick. The adder bites you but does no damage.
You barely miss the adder.
The adder is heavily wounded.
You feel sick. The adder bites you but does no damage.
You closely miss the adder. You headbutt the adder.
You kill the adder!
You have reached level 5!
You hit the sleepcap. You headbutt the sleepcap!
The sleepcap is heavily damaged.
You feel sick.
You are no longer poisoned.
You block the sleepcap's attack.
You hit the sleepcap but do no damage. You headbutt the sleepcap!
The sleepcap is almost destroyed.
The sleepcap releases spores at you.
* * * LOW HITPOINT WARNING * * *
You are engulfed in a cloud of soporific spores!
You fall asleep.
The sleepcap releases spores at you!
You die...

▓+▓
▓.▓
▓.▓
▓.▓
▓.▓
▓h▓
▓f▓
▓@▓
▓.▓
▓.▓
▓.▓
▓.▓
▓)▓
▓.▓
▓!▓
▓.▓


You could see a black bear and a sleepcap.

Vanquished Creatures
  A black bear (D)
  A howler monkey (D)
  An adder (D)
  A goblin (D)
  A hobgoblin (D)
  A quokka (D)
  A ball python (D)
  A rat (D)
8 creatures vanquished.

Notes
Turn   | Place    | Note
-------+----------+-------------------------------------------
     0 | D        | Heoruswealwe the Minotaur Fighter began the quest for the
                  | Orb.
     0 | D        | Reached XP level 1. HP: 19/19 MP: 0/0
     8 | D        | Reached skill level 3 in Polearms
    23 | D        | Noticed a black bear
    23 | D        | Noticed a sleepcap
    23 | D        | Noticed a howler monkey
    23 | D        | Noticed a black bear
    30 | D        | Killed a black bear
    31 | D        | Reached skill level 7 in Polearms
    31 | D        | Reached XP level 2. HP: 25/30 MP: 1/1
    31 | D        | Reached XP level 3. HP: 31/37 MP: 2/2
    31 | D        | Reached XP level 4. HP: 36/44 MP: 3/3
    37 | D        | Reached skill level 8 in Polearms
    47 | D        | Reached XP level 5. HP: 17/51 MP: 4/4
    49 | D        | Slain by a sleepcap

Illustrated notes

Levels and vault maps discovered:
D:        linesprint [early_d, line_temple, items_1, d_10, items_2, lair_1,
          lair_end, items_3, orc_1, orc_end, items_4, d_15, swamp_1, shoals_1,
          snake_1, spider_1, d_20, vaults_1, items_5, swamp_end, shoals_end,
          snake_end, spider_end, vaults_end, d_27, items_6, zot_1, zot_end,
          crypt_end, forest_end, elf_end, slime_end, tomb_end, abyss_end,
          pan_hell_end]

Skill      XL: |  1  2  3  4 |
---------------+-------------+-----
Polearms       | 7 8 |  8.8
Fighting       | 6 |  6.9
Armour         | 6 |  6.9
Shields        | |  3.6

Action                     |  1- 3 |  4- 6 || total
---------------------------+-------+-------++-------
  Melee: Trident           |    18 |    18 ||    36
         Headbutt          |     5 |     3 ||     8
    Use: Potion            |     1 |       ||     1
 Armour: Scale mail        |     7 |     6 ||    13
  Dodge: Dodged            |    10 |     3 ||    13
  Block: Buckler           |     6 |     2 ||     8
